 Dungeon Crawl Stone Soup version 0.24.1-14-gf8d2b509d9 (webtiles) character file.

Game seed: 8112290166439697051, levelgen mode: deterministic

570 mortelune the Changer (level 7, -4/57 HPs)
             Began as a Naga Transmuter on May 23, 2020.
             Slain by a troll zombie (8 damage)
             ... in an ossuary.
             The game lasted 00:09:57 (6581 turns).

mortelune the Changer (Naga Transmuter)             Turns: 6581, Time: 00:09:58

Health: -4/57      AC:  2    Str:  9 (12) XL:     7   Next: 34%
Magic:  4/13       EV: 19    Int: 13 (15) God:
Gold:   236        SH:  0    Dex: 17      Spells: 4/14 levels left

rFire    . . .     SeeInvis +     - Unarmed
rCold    . . .     Gourm    .   (shield currently unavailable)
rNeg     . . .     Faith    .   (armour currently unavailable)
rPois    x         Spirit   .   (helmet currently unavailable)
rElec    .         Reflect  .   (cloak currently unavailable)
rCorr    .         Harm     .   (gloves currently unavailable)
MR       .....                  (no barding)
Stlth    ++........             (no amulet)
HPRegen  0.19/turn              (no ring)
MPRegen  0.13/turn              (no ring)

@: spider-form
A: tiny, see invisible, slow metabolism 1, spit poison 1, AC +2
a: Spit Poison, End Transformation


You were in an ossuary.
You were very hungry.
You were a venomous arachnid creature.
You visited 1 branch of the dungeon, and saw 5 of its levels.
You also visited: Ossuary.

You collected 236 gold pieces.

Inventory:

Missiles
 f - 2 arrows
 o - 3 curare-tipped darts
 r - 7 silver javelins
 Q - 111 stones (quivered)
Armour
 a - the +2 leather armour "Xeism" {rElec Str+4}
   (You found it on level 4 of the Dungeon)

   It affects your strength (+4).
   It insulates you from electricity.
 b - a +0 robe (melded)
 t - a +0 cloak (melded)
Scrolls
 e - 5 scrolls of identify {unknown}
 g - 3 scrolls of immolation {unknown}
 j - 3 scrolls of remove curse {unknown}
 l - 4 scrolls of teleportation {unknown}
 p - 2 scrolls of magic mapping
 q - a scroll of amnesia {unknown}
 v - 2 scrolls of fear {unknown}
Potions
 i - a potion of heal wounds
Comestibles
 d - 5 rations


   Skills:
 - Level 1.0 Fighting
 - Level 1.5 Dodging
 - Level 3.0 Unarmed Combat
 + Level 4.4 Spellcasting
 * Level 6.5 Transmutations


You had 4 spell levels left.
You knew the following spells:

 Your Spells              Type           Power        Failure   Level  Hunger
a - Beastly Appendage     Tmut           ###...       6%          1    None
b - Sticks to Snakes      Tmut           ###.....     8%          2    ##.....
c - Spider Form           Tmut/Pois      ##........   34%         3    ###....
d - Ice Form              Ice/Tmut       ##......     67%         4    ####...

Your spell library contained the following spells:

 Spells                   Type           Power        Failure   Level  Hunger
 Animate Skeleton         Necr           N/A          41%         1    None
 Blade Hands              Tmut           ###.......   58%         5    ######.


Dungeon Overview and Level Annotations

Branches:
Dungeon (5/15)            Ossuary (1/1)
 Temple: D:4-7

Altars:
Gozag
Kikubaaqudgha
Sif Muna
Vehumet
Yredelemnul

Annotations:
D:2 Ijyb


Innate Abilities, Weirdness & Mutations

You cannot wear boots.
((Your serpentine skin is tough. (AC +2)))
You have supernaturally acute eyesight. (SInv)
((Armour fits poorly on your strangely shaped body.))
((Your system is resistant to poisons. (rPois)))
((You cover ground very slowly.))
You have a slow metabolism.
You can spit poison.


Message History

Your ball python dies!
It was a potion of heal wounds.
You feel much better.
Casting: Sticks to Snakes (safe; 1% risk of failure)
Confirm with . or Enter, or press ? or * to list all spells.
You turn into a venomous arachnid creature.
Your +0 cloak melds into your body.
Your +0 robe melds into your body.
The troll zombie barely misses you. The troll zombie claws you!
The troll zombie barely misses you.
You hit the troll zombie but do no damage.
The troll zombie is heavily damaged.
You barely miss the troll zombie.
The troll zombie is heavily damaged.
The troll zombie closely misses you. The troll zombie claws you! x2
* * * LOW HITPOINT WARNING * * *
You hit the troll zombie but do no damage.
The troll zombie is heavily damaged.
The troll zombie bites you!
* * * LOW HITPOINT WARNING * * *
The troll zombie claws you!
You die...

+.'..# ###..#
###### #.#..#
#....# +.#..#
#....# #.'..#
#....# ###..#
#....# #.#..#
##'########.#..#
#...#...#...#s.#
+###'###'###'###Z.#
..................#
.................∩#
###################


You could see a troll zombie.

Vanquished Creatures
  A water moccasin (D:4)
  An ogre (D:3)
  A scorpion (D:4)
  2 hounds (D:4)
  4 worker ants
  A mummy (Ossuary)
  3 gnolls (D:3)
  3 adders
  An ooze (D:2)
  2 adder zombies (Ossuary)
  A worm (D:3)
  10 dart slugs
  2 leopard geckos (D:2)
  5 orcs (D:4)
  4 ball pythons
  2 giant cockroaches
  6 goblins
  5 hobgoblins
  9 jackals
  2 quokkas (D:3)
  8 bats
  3 frilled lizards
  A goblin zombie (Ossuary)
  A hobgoblin zombie (Ossuary)
  9 kobolds
  2 kobold zombies (Ossuary)
  2 rats (D:2)
  5 rat zombies (Ossuary)
96 creatures vanquished.

Vanquished Creatures (collateral kills)
  An ogre zombie (Ossuary)
1 creature vanquished.

Vanquished Creatures (others)
  A quokka (D:3)
1 creature vanquished.

Grand Total: 98 creatures vanquished

Notes
Turn   | Place    | Note
-------+----------+-------------------------------------------
     0 | D:1      | mortelune the Naga Transmuter began the quest for the Orb.
     0 | D:1      | Reached XP level 1. HP: 18/18 MP: 3/3
   650 | D:1      | Reached XP level 2. HP: 11/25 MP: 3/5
   824 | D:1      | Learned a level 2 spell: Sticks to Snakes
  1854 | D:2      | Reached skill level 3 in Transmutations
  1854 | D:2      | Reached XP level 3. HP: 26/31 MP: 4/6
  1862 | D:2      | Learned a level 3 spell: Spider Form
  2630 | D:2      | Reached XP level 4. HP: 38/38 MP: 5/8
  2639 | D:2      | Noticed Ijyb
  3266 | D:3      | Reached skill level 4 in Transmutations
  3550 | D:3      | Reached XP level 5. HP: 22/44 MP: 2/9
  3981 | D:3      | Found a basalt altar of Yredelemnul.
  4358 | D:4      | Noticed an ogre
  4395 | D:3      | Killed an ogre
  4659 | D:4      | Reached skill level 5 in Transmutations
  4687 | D:4      | Reached XP level 6. HP: 35/51 MP: 9/11
  4717 | D:4      | Learned a level 4 spell: Ice Form
  5184 | D:4      | Noticed a water moccasin
  5201 | D:4      | Killed a water moccasin
  5208 | D:4      | Reached skill level 6 in Transmutations
  5603 | D:4      | Reached XP level 7. HP: 56/57 MP: 9/13
  5728 | D:4      | Got a translucent leather armour
  5739 | D:4      | Identified the +2 leather armour "Xeism" {rElec Str+4} (You
                  | found it on level 4 of the Dungeon)
  6005 | D:4      | Found an ancient bone altar of Kikubaaqudgha.
  6005 | D:4      | Found a shimmering blue altar of Sif Muna.
  6008 | D:4      | Found a radiant altar of Vehumet.
  6010 | D:4      | Identified Kikubaaqudgha's Incunabulum of Black Arts
  6157 | D:4      | Found an opulent altar of Gozag.
  6191 | D:5      | Entered Level 5 of the Dungeon
  6191 | D:5      | Found a sand-covered staircase.
  6230 | Ossuary  | Entered an ossuary
  6581 | Ossuary  | Slain by a troll zombie

Levels and vault maps discovered:
D:1:      psy_arrival_terrarium, layout_loops_corners, kennysheep_boxes
D:2:      kennysheep_the_goblin_king, layout_basic
D:3:      kennysheep_slugbush, layout_basic, lemuel_round_altar
D:4:      layout_rooms, grunt_temple_overflow_magic_moments,
          kennysheep_mini_moat, first_ration, hex_tiny
D:5:      layout_loops_ring, tgw_xom, nicolae_ossuary_entry_monument
Ossuary:  ossuary_boxes_badplayer

Skill      XL: |  1  2  3  4  5  6 |
---------------+-------------------+-----
Transmutations | 3 4 5 6 |  6.5
Spellcasting   | 3 4 |  4.4
Fighting       | |  1.0
Dodging        | |  1.5
Unarmed Combat | |  3.0

Action                   |  1- 3 |  4- 6 |  7- 9 || total
-------------------------+-------+-------+-------++-------
Melee: Unarmed           |   120 |   157 |    96 ||   373
       Headbutt          |     5 |     2 |    11 ||    18
       Punch             |       |       |     1 ||     1
 Cast: Beastly Appendage |    16 |     2 |     7 ||    25
       Spider Form       |     5 |    26 |     7 ||    38
       Sticks to Snakes  |       |     5 |     5 ||    10
 Abil: Spit Poison       |     1 |     1 |       ||     2
  Use: Scroll            |       |     1 |       ||     1
       Potion            |       |     7 |     1 ||     8
 Stab: Sleeping          |     1 |       |     1 ||     2
  Eat: Chunk             |     4 |    11 |       ||    15
       Ration            |       |       |     1 ||     1
Armor: Robe              |    34 |    19 |     9 ||    62
       Skin              |       |     3 |       ||     3
       Leather armour    |       |       |     9 ||     9
Dodge: Dodged            |    93 |   160 |    54 ||   307
